 Dungeon Crawl Stone Soup version 0.19-a0-1127-gac58878 (webtiles) character file.

90 JustSomeDude the Ducker (level 4, -1/35 HPs)
             Began as a Vampire Monk on Aug 12, 2016.
             Was an Initiate of Ru.
             Slain by an orc priest
             ... wielding a +0 flail
              (7 damage)
             ... on level 3 of the Dungeon.
             The game lasted 00:04:11 (1941 turns).

JustSomeDude the Ducker (Vampire Monk)              Turns: 1941, Time: 00:04:12

Health: -1/35      AC: -1    Str: 11    XL:     4   Next: 32%
Magic:  4/4        EV: 14    Int: 12    God:    Ru [......]
Gold:   146        SH:  0    Dex: 16    Spells: 0 memorised, 3 levels left

rFire  . . .     SeeInvis +     a - +0 short sword
rCold  + . .     Gourm    .     b - +0 robe
rNeg   + + .     Faith    .     (no shield)
rPois  +         Spirit   .     (no helmet)
rElec  .         Dismiss  .     (no cloak)
rCorr  .         Reflect  .     (no gloves)
SustAt .         Harm     .     (no boots)
MR     .....                    (no amulet)
Stlth  +++.......               (no ring)
                                (no ring)

@: regenerating slowly
A: fangs 3, see invisible, unbreathing, reduced AC 1
a: Bat Form, Renounce Religion


You were on level 3 of the Dungeon.
You worshipped Ru.
Ru was noncommittal.
You were very thirsty.

You visited 1 branch of the dungeon, and saw 3 of its levels.

You collected 146 gold pieces.

Inventory:

Hand Weapons
 a - a +0 short sword (weapon)
Armour
 b - a +0 robe (worn)
Scrolls
 g - 2 scrolls of identify {unknown}
 i - a scroll of teleportation {unknown}
 j - a scroll of enchant weapon {unknown}
 l - a scroll of fear {unknown}
 o - a scroll of enchant armour {unknown}
Potions
 c - 16 potions of blood
 d - a potion of haste {unknown}
 e - a potion of heal wounds {unknown}
 f - a potion of brilliance {unknown}
 h - a potion of agility {unknown}
 k - a potion of beneficial mutation {unknown}
 m - 3 potions of resistance {unknown}
 n - a potion of curing {unknown}


   Skills:
 + Level 3.2 Fighting
 + Level 3.9 Short Blades
 + Level 4.2 Dodging
 + Level 4.2 Stealth


You had 3 spell levels left.
You didn't know any spells.

Dungeon Overview and Level Annotations

Branches:
Dungeon (3/15)

Altars:
Ru


Innate Abilities, Weirdness & Mutations

You heal slowly.
You have razor-sharp teeth.
You have supernaturally acute eyesight. (SInv)
You can survive without breathing.
You take slightly more damage. (AC -3)


Message History

The orc priest is moderately wounded.
The orc hits you with a dagger. The orc hits you.
You barely miss the orc priest. You bite the orc priest.
You draw the orc priest's blood!
You feel better.
You feel slightly less thirsty.
The orc priest is heavily wounded.
The orc priest hits you with a flail! The orc hits you with a dagger.
* * * LOW HITPOINT WARNING * * *
You hit the orc priest.
The orc priest is severely wounded.
The orc closely misses you. The orc priest closely misses you.
Ru believes you are ready to make a new sacrifice.
Ru asks you to corrupt yourself such that: you take slightly more damage. (AC -3).
This is a modest sacrifice.
Piety after sacrifice: ......
Do you really want to make this sacrifice?
You feel more vulnerable to harm. The orc misses you. The orc hits you.
* * * LOW HITPOINT WARNING * * *
The orc priest hits you with a flail!
You die...

##.##.# ##.#.###
#####...#.##.......).####....#
...........+.........+....<..#
#####...#.##.........####....#
##.##.# ....... ##.#.# ####.#
..... ###.# #.# .oo##### #.#
#.######o##...# #.#
.....#.o@o#...### #.#
###............####)#
#...8.............#
###..8.8.......######
#...8._.8....###
#....8.8.....# ##.....8...#.##
............#.#
###..###.#....#


You could see an orc priest, an orc wizard and 3 orcs.

Vanquished Creatures
  4 adders
  2 oozes (D:2)
  A worm (D:2)
  3 giant geckos
  A ball python (D:2)
  3 giant cockroaches (D:2)
  5 goblins
  5 hobgoblins
  2 jackals (D:2)
  A quokka (D:2)
  6 bats
  2 giant newts (D:1)
  3 kobolds
  3 rats
41 creatures vanquished.

Notes
Turn   | Place    | Note
-------+----------+-------------------------------------------
     0 | D:1      | JustSomeDude the Vampire Monk began the quest for the Orb.
     0 | D:1      | Reached XP level 1. HP: 17/17 MP: 1/1
   138 | D:1      | Reached XP level 2. HP: 23/23 MP: 2/2
   916 | D:2      | Reached XP level 3. HP: 29/29 MP: 3/3
  1319 | D:2      | Reached XP level 4. HP: 20/35 MP: 4/4
  1906 | D:3      | Found a faded altar of an unknown god.
  1922 | D:3      | Became a worshipper of Ru the Awakened
  1941 | D:3      | Gained mutation: You take slightly more damage. (AC -3) [Ru sacrifice]
  1941 | D:3      | Slain by an orc priest

Vault maps used:
D:1:      minmay_arrival_glassed_features
D:2:      first_bread
D:3:      ecumenical_altar_2

Skill      XL: |  1  2  3  4 |
---------------+-------------+-----
Fighting       | 3 |  3.2
Dodging        | 4 |  4.2
Stealth        | 4 |  4.2
Short Blades   | |  3.9

Action                   |  1- 3 |  4- 6 || total
-------------------------+-------+-------++-------
Melee: Short sword       |   116 |    36 ||   152
       Bite              |    12 |     4 ||    16
Invok: Sacrifice Health  |       |     1 ||     1
  Use: Potion            |       |     1 ||     1
 Stab: Sleeping          |     8 |     2 ||    10
       Distracted        |     1 |       ||     1
Armor: Robe              |    19 |     1 ||    20
Dodge: Dodged            |   102 |    26 ||   128
